 Dungeon Crawl Stone Soup version 0.27-a0-385-g3208abaabc (webtiles) character file.

Game seed: 4190527675222455233

123841 wampuh the Scorcher (level 16, -6/128 HPs)
             Began as a Green Draconian Fire Elementalist on Feb 18, 2021.
             Was a High Priest of Ashenzari.
             Mangled by an entropy weaver (15 damage)
             ... on level 4 of the Lair of Beasts.
             The game lasted 01:40:14 (45293 turns).

wampuh the Scorcher (DrFE)                         Turns: 45293, Time: 01:40:14

Health: -6/128     AC:  5    Str: 23    XL:     16   Next: 37%
Magic:  0/29       EV: 16    Int: 22    God:    Ashenzari [*****.]
Gold:   1463       SH:  0    Dex: 10    Spells: 15/33 levels left

rFire    . . .     SeeInvis +   B - +7 dagger (distort) (curse)
rCold    . . .     Faith    .   (no shield)
rNeg     + + +     Spirit   +   (armour unavailable)
rPois    +         Reflect  .   (helmet restricted)
rElec    .         Harm     .   q - +2 cloak {Will+} (curse)
rCorr    .         Rampage  .   h - +2 pair of gloves (curse)
Will     ++...     Clarity  +   P - +1 pair of boots of Bigy {rN+++ Stlth-} (curse)
Stlth    +.........             d - amulet of guardian spirit
HPRegen  0.31/turn              w - +6 ring of strength (curse)
MPRegen  0.21/turn              y - +6 ring of strength (curse)

@: corroded, studying Translocations
A: breathe noxious fumes, unfitting armour, stinger 1, clumsy 1, poison
resistance, cold-blooded, AC +9
a: Breathe Noxious Fumes, Renounce Religion, Curse Item, Scrying, Transfer
Knowledge


You were on level 4 of the Lair of Beasts.
You worshipped Ashenzari.
Ashenzari was extremely pleased with you.
You visited 4 branches of the dungeon, and saw 23 of its levels.
You visited the Abyss 2 times.
You also visited: Gauntlet and Ice Cave.

You collected 3201 gold pieces.
You spent 1738 gold pieces at shops.

Inventory:

Hand Weapons
 B - a cursed +7 dagger of distortion (weapon)
Armour
 h - a cursed +2 pair of gloves (worn)
 q - a cursed +2 cloak of willpower (worn)
 P - the cursed +1 pair of boots of Bigy (worn) {rN+++ Stlth-}
   (You found it in a Gauntlet)

   It renders you almost immune to negative energy.
   It makes you less stealthy.
   It has a curse placed upon it.
Jewellery
 d - an amulet of guardian spirit (around neck)
 g - a ring of positive energy
 m - a ring of fire
 r - a ring of fire
 w - a cursed +6 ring of strength (left hand)
 y - a cursed +6 ring of strength (right hand)
 F - a ring of wizardry
 I - a ring of ice
 J - a ring of flight
Wands
 b - a wand of polymorph (24)
 f - a wand of flame (27)
 t - a wand of mindburst (7)
 u - a wand of iceblast (26)
 E - a wand of charming (5)
 Q - a wand of acid (6)
Scrolls
 a - 12 scrolls of teleportation
 i - 17 scrolls of identify
 j - 3 scrolls of immolation
 k - 2 scrolls of brand weapon
 l - 4 scrolls of amnesia
 o - 4 scrolls of enchant armour
 v - 2 scrolls of fog
 x - 2 scrolls of fear
 C - 2 scrolls of summoning
 D - a scroll of silence
 G - 4 scrolls of blinking
 S - a scroll of holy word
Potions
 c - 4 potions of might
 e - 3 potions of flight
 n - 10 potions of curing
 p - a potion of resistance
 s - 3 potions of mutation
 z - 4 potions of lignification
 A - 2 potions of brilliance
 H - 4 potions of haste
 O - 2 potions of cancellation
Miscellaneous
 K - a lightning rod (4/4)
 L - a phial of floods
 R - a condenser vane (inert)


   Skills:
 + Level 8.0 Fighting
 - Level 6.4(10.4) Short Blades
 + Level 8.0(10.7) Dodging
 - Level 1.7(3.6) Stealth
 + Level 9.2 Spellcasting
 + Level 12.3(14.7) Conjurations
 - Level 13.2(15.5) Translocations
 * Level 17.0(19.1) Fire Magic
 - Level 4.0(6.4) Evocations


You had 15 spell levels left.
You knew the following spells:

 Your Spells              Type           Power        Failure   Level
a - Foxfire               Conj/Fire      100%         0%          1
b - Sticky Flame          Conj/Fire      71%          1%          4
c - Fireball              Conj/Fire      35%          1%          5
d - Gell's Gravitas       Tloc           34%          1%          3
e - Manifold Assault      Tloc           68%          1%          4
u - Apportation           Tloc           100%         0%          1

Your spell library contained the following spells:

 Spells                   Type           Power        Failure   Level
 Conjure Flame            Conj/Fire      71%          1%          3
 Inner Flame              Hex/Fire       52%          1%          3
 Portal Projectile        Hex/Tloc       90%          1%          3
 Stone Arrow              Conj/Erth      86%          1%          3
 Iskenderun's Mystic Bla  Conj/Tloc      67%          1%          4
 Passage of Golubria      Tloc           N/A          1%          4
 Bolt of Magma            Conj/Fire/Erth 28%          1%          5
 Dispersal                Tloc           34%          1%          6
 Hailstorm                Conj/Ice       43%          3%          4
 Animate Skeleton         Necr           22%          5%          1
 Corona                   Hex            12%          5%          1
 Freeze                   Ice            44%          5%          1
 Summon Small Mammal      Summ           44%          5%          1
 Corpse Rot               Necr/Air       N/A          9%          2
 Sublimation of Blood     Necr           5%           9%          2
 Confusing Touch          Hex            11%          17%         3
 Frozen Ramparts          Ice            22%          17%         3
 Ozocubu's Armour         Ice            11%          17%         3
 Dispel Undead            Necr           11%          50%         4
 Petrify                  Tmut/Erth      11%          50%         4
 Summon Ice Beast         Ice/Summ       11%          50%         4
 Disjunction              Tloc           34%          58%         8
 Agony                    Necr           11%          83%         5
 Excruciating Wounds      Necr           5%           83%         5
 Lee's Rapid Deconstruct  Erth           5%           83%         5
 Metabolic Englaciation   Hex/Ice        5%           83%         5
 Yara's Violent Unravell  Hex/Tmut       5%           83%         5
 Malign Gateway           Summ/Tloc      22%          91%         7


Dungeon Overview and Level Annotations

Branches:
Dungeon (15/15)            Temple (0/1) D:7            Lair (5/6) D:8
 Shoals (0/4) Lair:2       Spider (1/4) Lair:4        Slime (0/5) Lair:5
    Orc (2/2) D:9             Elf (0/3) Orc:2        Vaults (0/5) D:13
 Depths (0/5) D:15          IceCv (visited)         Gauntlet (visited)

Altars:
Ashenzari
Dithmenos
Fedhas
Gozag
Makhleb
Ru
Sif Muna
Trog
Yredelemnul
Jiyva

Shops:
D:6 :?[*[   D:8 :   D:12 *   Orc:2 [:**(

Annotations:
D:13 2 runed translucent doors
Lair:2 exclusion: oklob plant


Innate Abilities, Weirdness & Mutations

You can breathe blasts of noxious fumes.
Your lurid green scales are hard. (AC +9)
You cannot fit into any form of body armour.
Your tail ends in a poisonous barb.
Your system is resistant to poisons. (rPois)
You are cold-blooded and may be slowed by cold attacks.
You are clumsy. (Dex -2)


Message History

The entropic weave corrodes you!
The entropy weaver burns!
The entropy weaver burns!
The hornet completely misses you.
There is a hole to the Spider Nest, spattered with blood here.
Casting: Manifold Assault (safe; 1% risk of failure)
Confirm with . or Enter, or press ? or * to list all spells.
You don't have enough magic to cast this spell.
You closely miss the hornet.
Your tail-slap misses the hornet.
The hornet is moderately wounded.
You hit the hornet but do no damage.
Space bends around the hornet.
The hornet is moderately wounded.
The entropy weaver burns!
The hornet misses you. The entropy weaver hits you. x2
* * * LOW HITPOINT WARNING * * *
The entropy weaver hits you.
* * * LOW HITPOINT WARNING * * *
The entropy weaver misses you.
The entropy weaver burns!
The hornet closely misses you.
The hornet stings you but does no damage.
The entropy weaver burns!
There is an open door, spattered with blood here.
The entropy weaver burns!
The hornet barely misses you.
The entropy weaver burns!
The entropy weaver gestures at you while chanting.
The entropic weave corrodes you! The hornet completely misses you.
You hit the entropy weaver but do no damage.
Space bends around the entropy weaver.
Your tail-slap misses the entropy weaver.
The entropy weaver is severely wounded.
The hornet stings you.
* * * LOW HITPOINT WARNING * * *
You feel yourself slow down.
You feel yourself speed up.
The entropy weaver burns! x2; The hornet stings you!
* * * LOW HITPOINT WARNING * * *
The entropy weaver hits you!
* * * LOW HITPOINT WARNING * * *
The entropy weaver misses you. The entropy weaver hits you.
* * * LOW HITPOINT WARNING * * *
The entropy weaver hits you!
You die...

............######...............
...........##..#####..##.........
...........#...^^......#..P...P#.
P..........##'≈≈≈#.##.#####...###
.....#.....##..≈≈..#.^.##.....##
...........#.>.≈≈...^.###....).#
...........##§.≈≈###...##.....###
........†..##'≈≈≈^....^##...>..P#
.....).†...#...y@.#..###.......##
...........##..B####..#####....#
............#######..#.# #.....#
..............####...######....##
.......................##......#.
................................#
..............................)..
..................)..............
....#............##.#..........!.


You could see an entropy weaver (burning) and a hornet.

Vanquished Creatures
  Asterion (Lair:4)
  Gastronok (Lair:3)
  An orc warlord (Orc:1)
  A minotaur (Gauntlet)
  Snorg (D:10)
  Josephine (D:11)
  Fannar (Lair:3)
  6 hydras
  3 vault guards
  3 boulder beetles
  Erica (Lair:1)
  3 death yaks (D:8)
  A death knight (D:13)
  A centaur warrior (D:13)
  2 two-headed ogres
  2 orc high priests (Orc:2)
  Sonja (Lair:1)
  2 large abominations (Abyss:2)
  4 skeletal warriors
  2 unseen horrors
  2 wizards
  A deep elf zephyrmancer (D:15)
  8 orc knights
  A necromancer (D:15)
  5 orb spiders
  4 ugly things
  3 orc sorcerers
  4 wolf spiders
  An orb spider (shapeshifter) (D:14)
  4 manticores
  A cyclops (D:15)
  8 cane toads
  3 ice statues (IceCv)
  A black mamba (shapeshifter) (D:15)
  2 naga magi (D:15)
  6 black mambas
  A gargoyle (D:13)
  3 rime drakes
  Psyche (D:11)
  An efreet (D:13)
  4 yaktaurs
  An ice devil (Gauntlet)
  8 komodo dragons
  7 demonic crawlers
  4 trolls
  A polar bear (Lair:5)
  10 jumping spiders
  3 slime creatures
  4 tarantellas
  3 flying skulls (Gauntlet)
  22 yaks
  20 redbacks
  5 wraiths
  2 basilisks
  Eustachio (D:3)
  A human (D:13)
  2 wyverns
  2 steam dragons
  4 vampire mosquitoes (D:15)
  A soldier ant (D:10)
  3 wargs
  An acid dragon (D:11)
  8 water moccasins
  Duvessa (D:5)
  8 ice beasts
  19 orc warriors
  3 sky beasts
  2 black bears
  2 eyes of draining
  8 ogres
  12 wolves
  6 centaurs
  A phantom (D:9)
  2 kobold brigands
  A small abomination (Abyss:2)
  2 wyvern zombies
  23 bullfrogs
  Dowan (D:5)
  4 scorpions
  8 killer bees
  9 wights
  9 howler monkeys
  A bullfrog zombie (D:12)
  2 quasits
  5 jellies
  2 centaur skeletons
  4 centaur zombies
  7 hounds
  7 orc priests
  A gnoll shaman (D:9)
  5 iguanas
  21 orc wizards
  10 worker ants
  5 hell rats (Lair:3)
  A killer bee zombie (D:8)
  2 worker ant zombies
  7 gnolls
  3 river rats (D:8)
  11 adders
  2 shadow imps
  17 white imps
  5 ufetubi
  An adder skeleton (D:7)
  2 worms
  2 dart slugs
  3 leopard geckos
  66 orcs
  5 giant cockroaches
  7 goblins
  10 hobgoblins
  9 quokkas
  A ball python (D:2)
  9 bats
  2 frilled lizards (D:1)
  A jackal zombie (D:7)
  25 kobolds
  12 rats
  A plant (Spider:1)
610 creatures vanquished.

Vanquished Creatures (others)
  A bush (Lair:5)
  574 foxfires
  44 fungi
  41 plants
  7 starspawn tentacles (Abyss:2)
667 creatures vanquished.

Grand Total: 1277 creatures vanquished

Notes
Turn   | Place    | Note
-------+----------+-------------------------------------------
     0 | D:1      | wampuh the Draconian Fire Elementalist began the quest for
                  | the Orb.
     0 | D:1      | Reached XP level 1. HP: 14/14 MP: 3/3
   148 | D:1      | Reached XP level 2. HP: 17/20 MP: 0/5
   555 | D:1      | You fall into a shaft and drop 1 floor!
   682 | D:1      | Reached XP level 3. HP: 27/27 MP: 0/6
  1218 | D:2      | Reached skill level 1 in Short Blades
  1365 | D:2      | Reached XP level 4. HP: 34/34 MP: 8/8
  1366 | D:2      | Found a broken altar of Ashenzari.
  1513 | D:2      | Became a worshipper of Ashenzari the Shackled
  1592 | D:3      | Found a faded altar of an unknown god.
  1626 | D:3      | Reached skill level 4 in Fire Magic
  1825 | D:3      | Reached XP level 5. HP: 34/39 MP: 0/9
  2628 | D:3      | Found a bloodstained altar of Trog.
  2739 | D:4      | Noticed Eustachio
  2777 | D:3      | Killed Eustachio
  2778 | D:3      | Reached XP level 6. HP: 35/46 MP: 0/11
  3373 | D:4      | Reached skill level 5 in Fire Magic
  3968 | D:4      | Your scales start taking on a lurid green colour.
  3968 | D:4      | Reached XP level 7. HP: 50/51 MP: 11/13
  3968 | D:4      | Gained mutation: Your system is resistant to poisons.
                  | (rPois) [Green Draconian growth]
  4063 | D:4      | Found a basalt altar of Yredelemnul.
  4063 | D:4      | Found a shimmering blue altar of Sif Muna.
  4081 | D:5      | Entered Level 5 of the Dungeon
  4155 | D:5      | Identified the +2 leather armour of Okawaru's Anger {rElec
                  | rN++ rCorr Stlth-}
  4247 | D:5      | Noticed Dowan
  4258 | D:5      | Killed Dowan
  4259 | D:5      | Noticed Duvessa
  4566 | D:5      | Killed Duvessa
  5044 | D:6      | Found Ucidiu's Book Boutique.
  5122 | D:6      | Reached skill level 5 in Spellcasting
  5127 | D:6      | Learned a level 4 spell: Sticky Flame
  5233 | D:6      | Reached skill level 6 in Fire Magic
  5253 | D:6      | Found Kanibr Raam's Armour Boutique.
  5264 | D:6      | Bought a +2 cloak of willpower for 236 gold pieces
  5280 | D:6      | Found Ykajo's Magic Scroll Shoppe.
  5336 | D:6      | Found a shadowy altar of Dithmenos.
  5394 | D:6      | Found Debofun's Antique Armour Shop.
  5455 | D:6      | Reached XP level 8. HP: 58/58 MP: 10/15
  5467 | D:6      | Reached skill level 5 in Conjurations
  5743 | D:6      | Reached * piety under Ashenzari
  5811 | D:6      | Found Buthroge's Assorted Antiques.
  6024 | D:7      | Found a staircase to the Ecumenical Temple.
  6207 | D:7      | Reached skill level 7 in Fire Magic
  6261 | D:7      | Reached skill level 1 in Fighting
  7191 | D:7      | Found a blossoming altar of Fedhas.
  7303 | D:8      | Reached skill level 8 in Fire Magic
  7303 | D:8      | Reached XP level 9. HP: 65/71 MP: 10/16
  7493 | D:8      | Found an opulent altar of Gozag.
  7539 | D:8      | Noticed a death yak
  7540 | D:8      | Noticed a death yak
  7710 | D:9      | Noticed a red ugly thing
  7741 | D:8      | Killed a brown ugly thing
  7742 | D:8      | Reached skill level 5 in Fighting
  7742 | D:8      | Reached skill level 9 in Fire Magic
  7963 | D:8      | Learned a level 5 spell: Fireball
  8093 | D:8      | Noticed a two-headed ogre
  8113 | D:8      | Killed a two-headed ogre
  8299 | D:8      | Noticed a death yak
  8811 | D:8      | Killed a death yak
  8812 | D:8      | Reached XP level 10. HP: 81/81 MP: 1/17
  8986 | D:8      | Killed a death yak
  9237 | D:8      | Killed a death yak
  9238 | D:8      | Reached skill level 10 in Fire Magic
  9665 | D:8      | Found a staircase to the Lair.
 10072 | D:8      | Found Kaqustio's Book Shoppe.
 10216 | D:9      | Reached skill level 5 in Dodging
 11099 | D:9      | Noticed a two-headed ogre
 11114 | D:9      | Killed a two-headed ogre
 11259 | D:9      | Found a staircase to the Orcish Mines.
 11672 | D:10     | Entered Level 10 of the Dungeon
 11701 | D:10     | Noticed Snorg
 11717 | D:10     | Killed Snorg
 11718 | D:10     | Reached XP level 11. HP: 78/89 MP: 3/18
 12324 | D:10     | Reached ** piety under Ashenzari
 12639 | D:11     | Noticed Josephine
 13070 | D:11     | Killed Josephine
 13552 | D:11     | Noticed an unseen horror
 13553 | D:11     | Killed an unseen horror
 13563 | D:11     | Noticed Psyche
 13574 | D:11     | Killed Psyche
 14030 | D:11     | Reached skill level 11 in Fire Magic
 15087 | D:6      | Bought a smouldering kite shield for 332 gold pieces
 15087 | D:6      | Identified the +4 kite shield "Ucugg" {Harm rF+} (You
                  | bought it in a shop on level 6 of the Dungeon)
 15232 | D:12     | Found Efif Fow's General Store.
 15291 | D:12     | Reached skill level 10 in Conjurations
 15404 | D:12     | Found a sacrificial altar of Ru.
 15423 | D:12     | Learned a level 1 spell: Apportation
 15455 | D:12     | Noticed an unseen horror
 15460 | D:12     | Killed an unseen horror
 15461 | D:12     | Reached skill level 1 in Translocations
 15572 | D:12     | Reached *** piety under Ashenzari
 15816 | Lair:1   | Entered Level 1 of the Lair of Beasts
 15832 | Lair:1   | Noticed Erica
 15840 | Lair:1   | Killed Erica
 16138 | Lair:1   | Reached XP level 12. HP: 84/101 MP: 10/19
 16237 | Lair:1   | Noticed Sonja
 16249 | Lair:1   | Cast into level 1 of the Abyss (Sonja)
 16326 | Abyss:1  | Noticed a starcursed mass
 16333 | Abyss:1  | Noticed a starcursed mass
 16351 | Abyss:1  | Noticed a lich
 16359 | Lair:1   | Escaped the Abyss
 16366 | Lair:1   | Killed Sonja
 17361 | Lair:1   | Noticed a five-headed hydra
 17375 | Lair:1   | Killed a five-headed hydra
 17376 | Lair:1   | Reached skill level 5 in Translocations
 17733 | Lair:1   | Learned a level 3 spell: Gell's Gravitas
 17865 | Lair:2   | Noticed a four-headed hydra
 17875 | Lair:2   | Killed a four-headed hydra
 18195 | Lair:2   | Found a burning altar of Makhleb.
 18299 | Lair:2   | Reached skill level 12 in Fire Magic
 18527 | Lair:2   | Noticed a boulder beetle
 18653 | Lair:2   | Found a staircase to the Shoals.
 18710 | Lair:2   | Killed a boulder beetle
 19337 | Lair:3   | Noticed Gastronok
 19377 | Lair:3   | Killed Gastronok
 19702 | Lair:3   | Noticed a six-headed hydra
 19711 | Lair:3   | Killed a six-headed hydra
 20144 | Lair:3   | Reached skill level 10 in Translocations
 20175 | Lair:3   | Noticed a four-headed hydra
 20194 | Lair:3   | Banished a four-headed hydra
 20195 | Lair:3   | Reached skill level 13 in Fire Magic
 20615 | Lair:3   | Noticed Fannar
 20898 | Lair:3   | Killed Fannar
 20899 | Lair:3   | Reached XP level 13. HP: 50/107 MP: 0/20
 22394 | Lair:4   | Found a hole to the Spider Nest.
 22563 | Lair:4   | Reached **** piety under Ashenzari
 22655 | Lair:4   | Identified a scroll of acquirement
 22664 | Lair:4   | Acquired 965 gold pieces
 22825 | D:6      | Bought a book of the Warp for 1170 gold pieces
 22830 | D:6      | Learned a level 4 spell: Manifold Assault
 23089 | Lair:4   | Reached skill level 14 in Fire Magic
 24357 | Lair:5   | Found a staircase to the Slime Pits.
 24357 | Lair:5   | Found a viscous altar of Jiyva.
 24763 | Lair:4   | Reached skill level 5 in Short Blades
 28789 | D:13     | Found a large runed translucent door.
 28790 | D:13     | Found a large runed translucent door.
 28966 | D:13     | Identified the +5 short sword "Loetwa Cumn" {pain, *Noise
                  | rElec Will- Int+7}
 29010 | D:13     | Noticed a fire dragon
 29012 | D:13     | a fire dragon changed into a satyr
 29016 | D:13     | Noticed a spark wasp
 29016 | D:13     | a queen ant changed into a spark wasp
 29020 | D:13     | Noticed an entropy weaver
 29020 | D:13     | a spark wasp changed into an entropy weaver
 29279 | D:13     | Cast into level 2 of the Abyss (a wizard)
 29279 | Abyss:2  | Identified the +0 ring mail of Barnacled the Good {rC+}
 29299 | Abyss:2  | Noticed a starcursed mass
 29357 | Abyss:2  | Reached ***** piety under Ashenzari
 29477 | Abyss:2  | Noticed a starcursed mass
 29485 | Abyss:2  | Gained mutation: Your tail ends in a poisonous barb. [Green
                  | Draconian growth]
 29485 | Abyss:2  | Reached XP level 14. HP: 90/115 MP: 16/23
 29490 | Abyss:2  | Noticed a tentacled starspawn
 29593 | Abyss:2  | Noticed a starcursed mass
 29821 | Abyss:2  | Noticed a tentacled starspawn
 29836 | Abyss:2  | Noticed a daeva
 29858 | D:13     | Escaped the Abyss
 29876 | D:13     | Gained mutation: You are clumsy. (Dex -2) [mutagenic glow]
 30551 | D:13     | Found a gate to the Vaults.
 30777 | D:14     | Identified the +10 morningstar "Jeviusesm" {drain, rPois}
 30901 | D:14     | Found a gate leading to a gauntlet.
 30910 | Gauntlet | Entered a Gauntlet
 30910 | Gauntlet | Found a transporter.
 31102 | Gauntlet | Found a transporter.
 31104 | Gauntlet | Found a transporter.
 31118 | Gauntlet | Found a transporter.
 31120 | Gauntlet | Found a transporter.
 31130 | Gauntlet | Found a transporter.
 31136 | Gauntlet | Noticed a storm dragon
 31136 | Gauntlet | an entropy weaver changed into a storm dragon
 31141 | Gauntlet | a storm dragon changed into a seven-headed hydra
 31145 | Gauntlet | Found a transporter.
 31150 | Gauntlet | Identified the ring of Cujacs {rC+ Will+ MP+9 Str+6 Slay+3}
 31157 | Gauntlet | Identified the +1 pair of boots of Bigy {rN+++ Stlth-}
 31157 | Gauntlet | Found a transporter.
 31167 | Gauntlet | Identified the ring of Deguf {+Inv rElec rPois SInv}
 31167 | Gauntlet | Found a transporter.
 31181 | Gauntlet | Found a transporter.
 31195 | Gauntlet | Found a transporter.
 31580 | Gauntlet | Found a transporter.
 31581 | Gauntlet | Found a transporter.
 31744 | Gauntlet | Identified the Tome of Dislocated Clay
 32758 | D:15     | Entered Level 15 of the Dungeon
 32804 | D:15     | Reached skill level 15 in Fire Magic
 32900 | D:15     | Found a frozen archway.
 33136 | IceCv    | Entered an ice cave
 34033 | IceCv    | Identified the +1 ice dragon scales of Ceaqaiqo {rF- rC++
                  | Str+4 Int+7}
 34033 | IceCv    | Identified the +10 hand axe "Qag Ysag" {vamp, Str+3}
 35328 | D:15     | Found a staircase to the Depths.
 36236 | D:15     | Reached XP level 15. HP: 121/121 MP: 26/26
 36397 | Orc:1    | Entered Level 1 of the Orcish Mines
 36516 | Orc:2    | Entered Level 2 of the Orcish Mines
 36545 | Orc:2    | Noticed an orc warlord
 36909 | Orc:1    | Reached skill level 16 in Fire Magic
 37144 | Orc:1    | Killed an orc warlord
 38272 | Orc:2    | Found Uvemeddue's Book Emporium.
 38282 | Orc:2    | Found Sungured's Antique Armour Shoppe.
 38366 | Orc:2    | Found Wiesch's General Store.
 38370 | Orc:2    | Found Malet's General Store.
 38933 | Orc:2    | Found Cetukhled's Antique Weapon Shoppe.
 38999 | Orc:2    | Found a staircase to the Elven Halls.
 39432 | Spider:1 | Entered Level 1 of the Spider Nest
 39441 | Spider:1 | Noticed Asterion
 39575 | Lair:4   | Reached XP level 16. HP: 64/128 MP: 11/28
 39958 | Lair:4   | Killed Asterion
 44844 | Lair:4   | Reached skill level 17 in Fire Magic
 45293 | Lair:4   | Mangled by an entropy weaver

Illustrated notes

Levels and vault maps discovered:
D:1:      dpeg_arrival_rhombus, layout_loops_ring, minmay_unequal
D:2:      layout_basic, chequers_garden, nicolae_ashenzari_panopticon
D:3:      layout_basic, chequers_ecumenical_altar_island,
          amcnicky_mini_corridor_feature, bloody_trog
D:4:      layout_rooms, gammafunk_temple_overflow_statue, corexii_corridor_pit,
          grunt_ministairs_10, uniq_eustachio
D:5:      layout_gridville, uniq_duvessa
D:6:      layout_rooms, nicolae_dithmenos_the_darkroom, serial_shops,
          nicolae_shop_stone, nicolae_shop_trees,
          nicolae_shop_temple_entry_statues_fountains, nicolae_shop_statue_plus,
          nicolae_shop_statue_plus
D:7:      layout_cave_pools, fedhas_altar_4, minmay_temple_entry_mini_moons
D:8:      black_bear_nest_1, layout_basic,
          nicolae_gozag_cash_rules_everything_around_me, dpeg_lair_monsters,
          serial_shops, shop
D:9:      layout_gridville, orc_0_dummy
D:10:     layout_basic, uniq_snorg
D:11:     layout_stronghold, uniq_psyche, uniq_josephine
D:12:     layout_cave_pools, serial_park, serial_park_square2,
          serial_park_square1 [serial_park_minivault_5x5_2],
          serial_park_tiny_pond, serial_park_tiny_2, basic_altar, serial_shops,
          nicolae_shop_temple_entry_statues_fountains
D:13:     layout_cross, grunt_vaults_entry_fortified, jmf_multi_god_temple2
D:14:     layout_basic, gauntlet_entry_generic, minmay_misc_feat_alley
D:15:     grunt_enter_depths_magical_seal, layout_cave_pods,
          portal_ice_cave_entry_imps, minivault_27, minmay_fountain_box
Lair:1:   layout_cave_pods, uniq_sonja, uniq_erica
Lair:2:   layout_loops_ring, shoals_dummy_entry, lemuel_oklob_altar
Lair:3:   layout_concentric_octagons, uniq_gastronok, uniq_fannar
Lair:4:   layout_gridlike, nicolae_spider_entry_orb_guardian,
          serial_bayou_shore_b
Lair:5:   layout_misc_corridors, slime_altar_1, wad_woods_road_04
Spider:1: layout_spider_delve, worms_lemuel, uniq_donald, uniq_asterion
Orc:1:    layout_diamond_mine, uniq_urug
Orc:2:    grunt_orc_gardens, layout_diamond_mine, grunt_orc_garden,
          grunt_orc_garden, grunt_orc_garden, grunt_orc_garden, serial_shops,
          shop, nicolae_orc_crystal_geode

Skill      XL: |  1  2  3  4  5  6  7  8  9 10 11 12 13 14 15 16 |
---------------+-------------------------------------------------+-----
Short Blades   | 1 2 6 |  6.4
Fire Magic     | 4 5 6 8 9 10 11 13 14 15 16 17 | 17.0
Spellcasting   | 3 4 5 6 7 8 9 |  9.2
Conjurations   | 2 3 4 6 7 9 10 11 12 | 12.3
Fighting       | 4 5 6 8 |  8.0
Dodging        | 3 5 7 8 |  8.0
Evocations     | 3 4 |  4.0
Translocations | 2 10 11 13 | 13.2
Stealth        | |  1.7

Action                   |  1- 3 |  4- 6 |  7- 9 | 10-12 | 13-15 | 16-18 || total
-------------------------+-------+-------+-------+-------+-------+-------++-------
Melee: Short sword       |   111 |   175 |   291 |   328 |       |       ||   905
       Unarmed           |     2 |       |       |       |       |       ||     2
       Tailslap          |     8 |    20 |    29 |    52 |    60 |    28 ||   197
       Dagger            |       |       |       |   188 |   659 |   323 ||  1170
 Cast: Foxfire           |    24 |    66 |   140 |    64 |    44 |     1 ||   339
       Sticky Flame      |       |       |    13 |    74 |   105 |    22 ||   214
       Fireball          |       |       |     5 |    38 |   103 |     6 ||   152
       Gell's Gravitas   |       |       |       |    12 |       |       ||    12
       Manifold Assault  |       |       |       |       |    69 |    62 ||   131
Invok: Curse Item        |       |       |     1 |     2 |     5 |       ||     8
 Abil: Breathe Noxious F |       |       |     5 |     3 |     2 |     1 ||    11
Evoke: Wand              |       |       |     1 |     1 |     8 |     1 ||    11
       Lightning rod     |       |       |       |       |     5 |       ||     5
       Condenser vane    |       |       |       |       |       |     1 ||     1
  Use: Potion            |       |     1 |     1 |     4 |     1 |     1 ||     8
       Scroll            |       |       |       |     1 |    12 |     1 ||    14
 Stab: Sleeping          |     1 |     3 |     1 |     3 |       |       ||     8
       Confused          |       |       |     2 |       |       |       ||     2
Armor: Skin              |    66 |    75 |   125 |   264 |   234 |   189 ||   953
Dodge: Dodged            |   103 |   133 |   217 |   419 |   440 |   337 ||  1649

Table legend: (Time is in decaauts)
 A = Elapsed time spent in this place.
 B = Non-inter-level travel time spent in this place.
 C = Inter-level travel time spent in this place.
 D = Time resting spent in this place.
 E = Time spent auto-exploring this place.
 F = Levels seen in this place.
 G = Mean time per level.
                   A        B        C        D        E       F      G
               +--------+--------+--------+--------+--------+-----+--------+
         Total |  44783 |  42640 |   2143 |  22305 |  13545 |  27 | 1658.6 |
       Dungeon |  23887 |  22632 |   1255 |   9181 |   9514 |  15 | 1592.5 |
          Lair |  15206 |  14344 |    862 |   9694 |   3350 |   5 | 3041.2 |
   Spider Nest |    407 |    405 |      2 |    125 |     92 |   1 |  407.0 |
  Orcish Mines |   2785 |   2762 |     23 |   1766 |    589 |   2 | 1392.5 |
         Abyss |    685 |    685 |      0 |    352 |      0 |   2 |  342.5 |
      Ice Cave |    966 |    966 |      0 |    758 |      0 |   1 |  966.0 |
      Gauntlet |    845 |    845 |      0 |    429 |      0 |   1 |  845.0 |
               +--------+--------+--------+--------+--------+-----+--------+

Top non-repeatable levels by time:
  Lair:4: 6954 daAuts
    D:12: 3021 daAuts
     D:8: 2695 daAuts
  Lair:3: 2476 daAuts
  Lair:1: 2213 daAuts
    D:15: 2141 daAuts
  Lair:2: 2023 daAuts
   Orc:1: 1842 daAuts
    D:13: 1841 daAuts
     D:9: 1790 daAuts
    D:11: 1731 daAuts
     D:7: 1676 daAuts
    D:10: 1611 daAuts
  Lair:5: 1538 daAuts
    D:14: 1491 daAuts
